 Dungeon Crawl Stone Soup version 0.29.1-1-gd02db6906a (webtiles) character file.

Game seed: 12183676724259238085

60 MisterFreud the Twirler (level 4, -3/33 HPs)
             Began as a Formicid Gladiator on Oct 1, 2022.
             Slain by an iguana (11 damage)
             ... on level 4 of the Dungeon.
             The game lasted 00:02:37 (2087 turns).

MisterFreud the Twirler (Formicid Gladiator)        Turns: 2087, Time: 00:02:37

Health: -3/33      AC:  3    Str: 20    XL:     4   Next: 24%
Magic:  4/4        EV: 12    Int:  8    God:
Gold:   54         SH:  4    Dex: 15    Spells: 3/3 levels left

rFire   . . .      SeeInvis +   a - +0 quarterstaff
rCold   . . .      Faith    .   f - +0 buckler
rNeg    . . .      Spirit   .   b - +0 leather armour
rPois   .          Reflect  .   (helmet unavailable)
rElec   .          Harm     .   (no cloak)
rCorr   .          Rampage  .   (no gloves)
Will    .....                   (no boots)
Stlth   +.........              (no amulet)
HPRegen 0.11/turn               (no ring)
MPRegen 0.09/turn               (no ring)

@: no status effects
A: permanent stasis, dig shafts and tunnels, antennae 3, four strong arms
a: Dig, Shaft Self


You were on level 4 of the Dungeon.
You visited 1 branch of the dungeon, and saw 4 of its levels.

You collected 54 gold pieces.

Inventory:

Hand Weapons
 a - a +0 quarterstaff (weapon)
Missiles
 c - 5 throwing nets (quivered)
 d - a javelin
 n - 5 atropa-tipped darts
Armour
 b - a +0 leather armour (worn)
 f - a +0 buckler (worn)
 g - a +0 plate armour
Jewellery
 e - a ring of flight
Wands
 m - a wand of roots (10)
Potions
 h - a potion of attraction {unknown}
 i - a potion of lignification
 j - 2 potions of curing
 k - a potion of invisibility {unknown}
 l - a potion of might {unknown}


   Skills:
 - Level 2.1 Fighting
 + Level 4.7 Staves
 - Level 2.0 Throwing
 - Level 2.6 Dodging
 + Level 0.6 Shields


You had 3 spell levels left.
You didn't know any spells.
Your spell library was empty.

Dungeon Overview and Level Annotations

Branches:
Dungeon (4/15)
 Temple: D:4-7

Altars:


Innate Abilities, Weirdness & Mutations

You cannot be hasted, slowed, berserked, paralysed or teleported.
You can dig through walls and to a lower floor.
You have a pair of large antennae on your head. (SInv)
Your four strong arms can wield two-handed weapons with a shield.


Message History

You see here a frilled lizard corpse.
n - 5 atropa-tipped darts No target in view!
No target in view!
Found a faded altar of an unknown god.
Found a robe.
You see here a +0 robe.
Found a stone staircase leading down.
You sense a monster nearby.
You sense a monster nearby.
You open the door.
There is an open door here.
Found a stone staircase leading down.
There is a stone staircase leading down here.
An orc comes into view. It is wielding a +0 club.
The orc shouts!
The orc moves out of view. 2 orc priests and 2 orcs come into view.
An orc comes into view.
It is wielding a +1 short sword of draining.
There are monsters nearby!
The orc priest shouts!
The orc shouts! x2
A bat comes into view.
The bat moves out of view.
The orc priest invokes the aid of Beogh against you.
Beogh smites you!
The orc priest invokes the aid of Beogh against you.
Beogh smites you!
* * * LOW HITPOINT WARNING * * *
There is a stone staircase leading down here.
You climb downwards.
Found a blackened fluorescent wand.
There is a stone staircase leading up here.
Unknown command.
The iguana hisses angrily.
Unknown command.
Unknown command.
Unknown command.
Are you sure you want to shaft yourself?
The iguana bites you!
You die...

###....
........#
........##
.........#
../......#
.........#
.........##
........@.#
.......l..#
.........##
........##
#..##....
#. ####. .
##


You could see an iguana.

Vanquished Creatures
  An adder (D:2)
  A worm (D:2)
  2 ball pythons (D:1)
  3 endoplasms
  4 giant cockroaches
  2 goblins
  4 hobgoblins
  3 jackals (D:3)
  2 quokkas (D:2)
  9 bats
  4 frilled lizards
  6 kobolds
  A rat (D:1)
42 creatures vanquished.

Notes
Turn   | Place    | Note
-------+----------+-------------------------------------------
     0 | D:1      | MisterFreud the Formicid Gladiator began the quest for the
                  | Orb.
     0 | D:1      | Reached XP level 1. HP: 16/16 MP: 1/1
   224 | D:1      | Reached XP level 2. HP: 22/22 MP: 2/2
   796 | D:1      | Reached skill level 4 in Staves
   796 | D:1      | Reached XP level 3. HP: 27/27 MP: 3/3
  1609 | D:2      | Reached XP level 4. HP: 22/33 MP: 4/4
  1992 | D:3      | Found a faded altar of an unknown god.
  2087 | D:4      | Slain by an iguana

Illustrated notes

Levels and vault maps discovered:
D:1:      nagdon_arrival_double_spiral, layout_basic, lemuel_flame_loot_1
D:2:      minmay_chambers_of_ones, layout_rooms
D:3:      layout_basic, serial_curves, eino_curves_01, eino_curves_03,
          dreamdust_ecumenical_altar_hidden_monk_grotto, nicolae_titane
D:4:      layout_cave_pods, minmay_temple_entry_junction, nicolae_grassy_gnolls,
          uniq_crazy_yiuf_cottage, uniq_pargi, uniq_duvessa

Skill      XL: |  1  2 |
---------------+-------+-----
Staves         | 4 |  4.7
Fighting       | |  2.1
Throwing       | |  2.0
Dodging        | |  2.6
Shields        | |  0.6

Action                   |  1- 3 |  4- 6 || total
-------------------------+-------+-------++-------
Melee: Quarterstaff      |    94 |    20 ||   114
 Abil: Shaft Self        |       |     1 ||     1
  Use: Scroll            |     4 |     1 ||     5
 Stab: Sleeping          |     1 |     1 ||     2
Armor: Leather armour    |    32 |     7 ||    39
Dodge: Dodged            |    69 |     7 ||    76
Block: Buckler           |       |     2 ||     2
